 Dungeon Crawl Stone Soup version 0.21-a0-442-g848f44b (webtiles) character file.

4431 tilp the Cleaver (level 10, 0/71 HPs)
             Began as a Demonspawn Fighter on Nov 14, 2017.
             Was an Elder of Okawaru.
             Slain by a death yak (7 damage)
             ... on level 9 of the Dungeon.
             The game lasted 00:25:35 (7181 turns).

tilp the Cleaver (Demonspawn Fighter)               Turns: 7181, Time: 00:25:35

Health: 0/71       AC: 18    Str: 25    XL:     10   Next: 14%
Magic:  14/14      EV:  2    Int: 10    God:    Okawaru [****..]
Gold:   622        SH:  0    Dex: 17    Spells: 9/9 levels left

rFire    . . .     SeeInvis .   a - +0 war axe (chop)
rCold    . . .     Gourm    .   c - +0 shield
rNeg     + + +     Faith    .   q - +0 plate armour
rPois    ∞         Spirit   .   (no helmet)
rElec    .         Reflect  +   (no cloak)
rCorr    .         Harm     .   o - +0 pair of gloves
MR       .....                  N - +0 pair of boots {run}
Stlth    ..........             w - +4 amulet of reflection
HPRegen  0.21/turn              (no ring)
MPRegen  0.14/turn              (no ring)

@: mighty, agile, petrified, quick
A: talons 1, thin metallic scales 2, powered by pain 1, spiny 1
a: Heroism, Renounce Religion


You were on level 9 of the Dungeon.
You worshipped Okawaru.
Okawaru was greatly pleased with you.
You were not hungry.

You visited 2 branches of the dungeon, and saw 10 of its levels.

You collected 622 gold pieces.

Inventory:

Hand Weapons
 a - a +0 war axe of chopping (weapon)
 b - a +0 hunting sling
 E - a cursed +0 long sword
 F - a +0 hunting sling of freezing
Missiles
 t - 7 tomahawks (quivered)
 v - 3 throwing nets
 G - 79 sling bullets
Armour
 c - a +0 shield (worn)
 o - a +0 pair of gloves (worn)
 p - a cursed +0 buckler
 q - a +0 plate armour (worn)
 y - a +1 hat
 C - a +0 ring mail of fire resistance
 N - a +0 pair of boots of running (worn)
Jewellery
 w - a +4 amulet of reflection (around neck)
 z - a cursed ring of loudness {unknown}
 K - an uncursed ring of positive energy {unknown}
 L - an uncursed ring of magical power {unknown}
Wands
 u - a wand of polymorph (15/24)
Scrolls
 g - 2 scrolls of teleportation
 n - 5 scrolls of remove curse
 x - 3 scrolls of fear {unknown}
 A - a scroll of immolation {unknown}
 B - a scroll of enchant armour {unknown}
 I - a scroll of magic mapping {unknown}
Potions
 d - 4 potions of might
 j - 5 potions of brilliance
 k - 3 potions of agility
 l - a potion of flight {unknown}
 m - 6 potions of curing
 s - 3 potions of lignification {unknown}
 D - a potion of haste {unknown}
Comestibles
 f - 10 bread rations
 h - 19 fruits
 i - 2 chunks of flesh
 r - 3 royal jellies
 J - 3 meat rations


   Skills:
 - Level 4.0 Fighting
 * Level 11.3 Axes
 - Level 6.0 Armour
 + Level 0.9 Dodging
 - Level 2.6 Shields
 - Level 6.4 Invocations


You had 9 spell levels left.
You didn't know any spells.

Dungeon Overview and Level Annotations

Branches:
Dungeon (9/15)             Temple (1/1) D:4            Lair (0/6) D:9
    Orc: D:9-12

Altars:
Ashenzari
Cheibriados
Dithmenos
Elyvilon
Fedhas
Gozag
Hepliaklqana
Kikubaaqudgha
Makhleb
Nemelex Xobeh
Okawaru
Qazlal
Ru
Sif Muna
Trog
Uskayaw
Vehumet
Wu Jian
Xom
Yredelemnul
Zin
The Shining One

Annotations:
D:6 2 runed doors
D:9 Maurice


Innate Abilities, Weirdness & Mutations

You have sharp toenails.
You are mostly covered in thin metallic scales. (AC +3)
You sometimes gain a little power by taking damage.
You are partially covered in sharp spines.


Message History

The hippogriff claws the plant.
You have turned to stone.
The yak gores you but does no damage. The death yak gores you!
The yak gores you! The death yak gores you!
* * * LOW HITPOINT WARNING * * *
The yak is struck by your spines. The yak gores you!
* * * LOW HITPOINT WARNING * * *
The death yak is struck by your spines. The death yak gores you!
* * * LOW HITPOINT WARNING * * *
The yak is struck by your spines. The yak gores you but does no damage.
The death yak gores you but does no damage.
The yak is struck by your spines. The yak gores you but does no damage.
The basilisk bites you but does no damage.
The death yak gores you!
* * * LOW HITPOINT WARNING * * *
The yak gores you.
* * * LOW HITPOINT WARNING * * *
The basilisk gazes at you. You resist with some effort.
The death yak gores you!
You die...

. ## #......# .# #####C##
# .. @# #..# Y. ##+###
###.#####
.....######......)# ##
####.##<..[.......####...
.....'..###......l#....#
.###.#### #.....@Yt.#
...>.# #...###Y..##
#+#### ##.###.H...#
.##....(..# ..#....P..#
#.........(# #+?........#
......>.....#
#............#


You could see a death yak, a hippogriff, a yak, a basilisk and a crocodile.

Vanquished Creatures
  A two-headed ogre (D:8)
  A hippogriff (D:7)
  Eustachio (D:5)
  A wyvern (D:8)
  An ice beast (D:6)
  An orc warrior (D:7)
  2 sky beasts (D:8)
  A phantom (D:4)
  4 ogres
  3 centaurs
  2 big kobolds
  5 bullfrogs
  2 gnoll sergeants (D:7)
  4 scorpions
  10 killer bees (D:8)
  3 howler monkeys
  A crimson imp (D:8)
  3 hounds
  A jelly (D:8)
  8 orc wizards
  2 orc priests
  A centaur skeleton (D:8)
  2 gnoll shamans (D:7)
  A bullfrog skeleton (D:8)
  2 iguanas
  3 worker ants
  A killer bee zombie (D:6)
  2 howler monkey skeletons
  5 adders
  9 gnolls
  2 oozes
  2 adder skeletons
  A worm (D:4)
  A dart slug (D:1)
  4 leopard geckos
  23 orcs
  5 giant cockroaches
  5 goblins
  17 hobgoblins
  9 jackals
  8 kobolds
  2 quokkas
  2 ball pythons (D:5)
  9 bats
  6 frilled lizards
  A giant cockroach zombie (D:5)
  A jackal skeleton (D:5)
  A leopard gecko skeleton (D:5)
  A quokka skeleton (D:5)
  A quokka zombie (D:5)
  11 rats
  A plant (D:7)
196 creatures vanquished.

Vanquished Creatures (others)
  An orc (D:8)
  A kobold (D:7)
  A plant (D:7)
3 creatures vanquished.

Grand Total: 199 creatures vanquished

Notes
Turn   | Place    | Note
-------+----------+-------------------------------------------
     0 | D:1      | tilp the Demonspawn Fighter began the quest for the Orb.
     0 | D:1      | Reached XP level 1. HP: 18/18 MP: 1/1
    57 | D:1      | Reached skill level 2 in Axes
   129 | D:1      | Gained mutation: You are partially covered in thin metallic scales. (AC +2) [demonic ancestry]
   129 | D:1      | Reached XP level 2. HP: 22/24 MP: 2/2
   634 | D:2      | Gained mutation: You are mostly covered in thin metallic scales. (AC +3) [demonic ancestry]
   634 | D:2      | Reached XP level 3. HP: 29/29 MP: 3/3
   821 | D:2      | Reached skill level 3 in Axes
   869 | D:2      | Found a deep blue altar of Sif Muna.
  1111 | D:2      | You fall through a shaft for 2 floors!
  1185 | D:4      | Gained mutation: You are partially covered in sharp spines. [demonic ancestry]
  1185 | D:4      | Reached XP level 4. HP: 35/37 MP: 4/4
  1675 | D:4      | Noticed a phantom
  1948 | D:3      | Reached skill level 4 in Axes
  1969 | D:3      | Gained mutation: You sometimes gain a little power by taking damage. [demonic ancestry]
  1969 | D:3      | Reached XP level 5. HP: 40/42 MP: 5/5
  3006 | D:4      | Found a staircase to the Ecumenical Temple.
  3012 | Temple   | Entered the Ecumenical Temple
  3290 | Temple   | Became a worshipper of Warmaster Okawaru
  3427 | D:4      | Killed a phantom
  3427 | D:4      | Reached XP level 6. HP: 38/48 MP: 6/6
  3576 | D:5      | Entered Level 5 of the Dungeon
  3615 | D:5      | Noticed Eustachio
  3631 | D:5      | Killed Eustachio
  3631 | D:5      | Reached skill level 5 in Axes
  3728 | D:5      | Reached * piety under Okawaru
  3728 | D:5      | Reached skill level 6 in Axes
  3728 | D:5      | Reached XP level 7. HP: 45/54 MP: 7/7
  4026 | D:5      | Found an ornate altar of the Wu Jian Council.
  4032 | D:5      | Found a hide-covered altar of Uskayaw.
  4038 | D:5      | Found a shattered altar of Ashenzari.
  4109 | D:6      | Found a runed door.
  4225 | D:6      | Found a runed door.
  4481 | D:6      | Reached ** piety under Okawaru
  4481 | D:6      | Reached skill level 7 in Axes
  4481 | D:6      | Reached skill level 5 in Armour
  4481 | D:6      | Gained mutation: You have sharp toenails. [demonic ancestry]
  4481 | D:6      | Reached XP level 8. HP: 43/60 MP: 8/8
  4932 | D:7      | Noticed a hippogriff
  4939 | D:7      | Killed a hippogriff
  4939 | D:7      | Reached skill level 8 in Axes
  5249 | D:7      | Reached skill level 9 in Axes
  5267 | D:7      | Reached XP level 9. HP: 36/65 MP: 9/9
  5447 | D:7      | Reached skill level 1 in Invocations
  5509 | D:7      | Got a translucent hat
  5526 | D:7      | Identified the cursed -6 hat of Boredom {rF+ rN+ Int-2} (You found it on level 7 of the Dungeon)
  5538 | D:7      | Identified a +0 pair of boots of running (You found it on level 7 of the Dungeon)
  6118 | D:8      | Reached skill level 10 in Axes
  6178 | D:8      | Reached *** piety under Okawaru
  6364 | D:8      | Found a hide-covered altar of Uskayaw.
  6403 | D:8      | Reached skill level 5 in Invocations
  6498 | D:8      | Noticed a two-headed ogre
  6515 | D:8      | Killed a two-headed ogre
  6515 | D:8      | Reached **** piety under Okawaru
  6515 | D:8      | Reached skill level 11 in Axes
  6515 | D:8      | Reached XP level 10. HP: 33/71 MP: 14/14
  7052 | D:9      | Noticed Maurice
  7052 | D:9      | Noticed a cyclops
  7130 | D:9      | Noticed a rakshasa
  7172 | D:9      | Found a staircase to the Lair.
  7172 | D:9      | Noticed a death yak
  7181 | D:9      | Slain by a death yak

Vault maps used:
D:1:      minmay_arrival_four_circles, minmay_small_reverse_x
D:2:      lemuel_doored_altar
D:3:      serial_bayou, serial_bayou_pond_b, serial_bayou_shore_b,
          serial_bayou_pond_c, serial_bayou_pond_e
D:4:      temple_green, first_bread, dk_vineyard_2, dk_noncrumbling_3
D:5:      minitemple, grunt_ministairs_15, lemuel_old_faithful, uniq_eustachio
D:6:      lemuel_insect_pit, roderic_roman_lattice
D:7:      kennysheep_housing_project, grunt_ogre_cave
D:8:      basic_altar, minmay_misc_feat_hallway
D:9:      david_lair_generic, uniq_maurice, uniq_gastronok, uniq_pikel
Temple:   hc_temple_tempest_star

Skill      XL: |  1  2  3  4  5  6  7  8  9 |
---------------+----------------------------+-----
Axes           | 2 3 4 6 7 9 11 | 11.3
Fighting       | 4 |  4.0
Armour         | 3 4 5 6 |  6.0
Invocations    | 6 |  6.4
Dodging        | |  0.9
Shields        | |  2.6

Action                   |  1- 3 |  4- 6 |  7- 9 | 10-12 || total
-------------------------+-------+-------+-------+-------++-------
Melee: War axe           |    65 |   116 |   272 |    54 ||   507
       Kick              |       |       |    28 |       ||    28
 Fire: Hunting sling     |    39 |    31 |       |       ||    70
Throw: Stone             |       |     4 |       |       ||     4
       Tomahawk          |       |     4 |     7 |       ||    11
Invok: Heroism           |       |       |    15 |     1 ||    16
  Use: Scroll            |     4 |     1 |     3 |     1 ||     9
       Potion            |       |       |       |     4 ||     4
  Eat: Chunk             |     1 |     8 |     9 |     2 ||    20
Armor: Scale mail        |    34 |       |       |       ||    34
       Plate armour      |       |    72 |   122 |    22 ||   216
Dodge: Dodged            |    22 |    15 |    30 |     8 ||    75
Block: Shield            |    33 |    56 |   158 |    26 ||   273
       Reflection        |       |       |     2 |       ||     2

Table legend:
 A = Spawn XP
 B = Non-spawn XP
 C = Spawn XP percentage of total XP
 D = Spawn monster count
 E = Non-spawn monster count
 F = Spawn count percentage of total count
 G = Total turns spent on level
                    A         B        C        D         E        F      G
               +---------+---------+-------+---------+---------+-------+---------
         Total |       0 |    6331 |   0.0 |       0 |     197 |   0.0 |  7181
               +---------+---------+-------+---------+---------+-------+---------
           D:1 |       0 |      28 |   0.0 |       0 |      16 |   0.0 |   473
           D:2 |       0 |      47 |   0.0 |       0 |      22 |   0.0 |   737
           D:3 |       0 |     110 |   0.0 |       0 |      22 |   0.0 |   883
           D:4 |       0 |     219 |   0.0 |       0 |      11 |   0.0 |  1183
           D:5 |       0 |     479 |   0.0 |       0 |      21 |   0.0 |   494
           D:6 |       0 |     924 |   0.0 |       0 |      27 |   0.0 |   840
           D:7 |       0 |    1706 |   0.0 |       0 |      45 |   0.0 |  1039
           D:8 |       0 |    2622 |   0.0 |       0 |      27 |   0.0 |  1124
           D:9 |       0 |     196 |   0.0 |       0 |       6 |   0.0 |   108
               +---------+---------+-------+---------+---------+-------+---------
